 Dungeon Crawl Stone Soup version 0.25-a0-200-g5ba96148f3 (webtiles) character file.

Game seed: 16203076094298266044, levelgen mode: deterministic

824304 twoshot the Hoplite (level 27, -6/187 HPs)
             Began as a Deep Dwarf Fighter on Dec 1, 2019.
             Was the Champion of Makhleb.
             Mangled by an Orb Guardian (20 damage)
             ... on level 5 of the Realm of Zot.
             The game lasted 03:27:16 (67340 turns).

twoshot the Hoplite (Deep Dwarf Fighter)           Turns: 67340, Time: 03:27:16

Health: -6/187     AC: 38    Str: 37 (38) XL:     27
Magic:  0/14       EV: 22    Int:  3 (4)  God:    Makhleb [******]
Gold:   8510       SH: 22    Dex: 16 (18) Spells: 54/54 levels left

rFire    + + .     SeeInvis .   I - +11 broad axe "Oxuotha" {drain, rElec rC+ Str+4}
rCold    + + +     Gourm    .   C - +3 shield {rN+}
rNeg     + + +     Faith    +   v - +12 gold dragon scales
rPois    +         Spirit   .   (helmet restricted)
rElec    +         Reflect  .   f - scarf {repulsion}
rCorr    +         Harm     .   r - +2 pair of gloves of Optor {rC+}
MR       +++..     Rnd*Rage +   (no boots) Stlth ..........Rnd*Tele +
                                h - amulet of faith
HPRegen  0.00/turn              O - ring of the Tortoise {rF+ rCorr}
MPRegen  0.14/turn              E - ring of Sin {rPois rN++ MR- Dex+3 Stlth+}

@: mighty, marked, non-regenerating, hasted, repel missiles, very quick
A: damage resistance, heal wounds, horns 1, talons 1, molten scales 2, thin
skeletal structure 1, berserk 1, blurry vision 2, deformed body, deterioration
2, dopey 2, frail 3, low mp 3, negative energy resistance 1, sense surroundings
3, screaming 1, shaggy fur 1, teleportitis 2, weak 2, no potion heal 2, subdued
magic 3, no regeneration
}: 4/15 runes: decaying, serpentine, silver, abyssal
a: Heal Wounds, Minor Destruction, Lesser Servant of Makhleb, Major Destruction,
Greater Servant of Makhleb, Renounce Religion


You were on level 5 of the Realm of Zot.
You worshipped Makhleb.
Makhleb was exalted by your worship.
You were not hungry.

You visited 10 branches of the dungeon, and saw 50 of its levels.
You visited the Abyss 4 times.
You visited 1 bazaar.
You also visited: Gauntlet.

You collected 11358 gold pieces.
You spent 2848 gold pieces at shops.

Inventory:

Hand Weapons
 a - the +12 great sword of Dung {venom, rF+ Dex-5 SInv}
   (You found it on level 2 of the Vaults)

   It poisons the flesh of those it strikes.
   It affects your dexterity (-5).
   It protects you from fire.
   It lets you see invisible.
 o - a +4 eudemon blade of holy wrath
 I - the +11 broad axe "Oxuotha" (weapon) {drain, rElec rC+ Str+4}
   (You found it on level 6 of the Lair of Beasts)

   A truly terrible weapon, it drains the life of those it strikes.
   It affects your strength (+4).
   It protects you from cold.
   It insulates you from electricity.
Armour
 f - a scarf of repulsion (worn)
 r - the +2 pair of gloves of Optor (worn) {rC+}
   (You found it on level 3 of the Elven Halls)

   It protects you from cold.
 v - +12 gold dragon scales (worn)
 C - a +3 shield of positive energy (worn)
 Z - a +0 large shield
Jewellery
 h - an amulet of faith (around neck)
 E - the ring of Sin (right hand) {rPois rN++ MR- Dex+3 Stlth+}
   (You acquired it on level 5 of the Lair of Beasts)

   [ring of dexterity]

   It affects your dexterity (+3).
   It protects you from poison.
   It greatly protects you from negative energy.
   It affects your resistance to hostile enchantments.
   It makes you more stealthy.
 H - a +2 amulet of reflection
 O - the ring of the Tortoise (left hand) {rF+ rCorr}
   (You found it on level 3 of the Vaults)

   [ring of resist corrosion]

   It protects you from fire.
   It provides partial protection from all sources of acid and corrosion.
Wands
 b - a wand of enslavement (23)
 j - a wand of flame (27)
 G - a wand of acid (32)
 L - a wand of digging (8)
 M - a wand of clouds (3)
 S - a wand of iceblast (45)
Scrolls
 c - 16 scrolls of remove curse
 e - 4 scrolls of amnesia
 i - 16 scrolls of identify
 k - 6 scrolls of blinking
 t - 18 scrolls of teleportation
 w - 5 scrolls of enchant weapon
 y - 7 scrolls of fog
 B - 4 scrolls of immolation
 J - 8 scrolls of fear (quivered)
 K - a scroll of holy word
 U - a scroll of magic mapping
 V - 5 scrolls of vulnerability
 X - a scroll of summoning
Potions
 d - 6 potions of might
 g - 5 potions of flight
 m - 30 potions of curing
 p - a potion of haste
 q - 14 potions of heal wounds
 s - 3 potions of cancellation
 x - 5 potions of berserk rage
 A - a potion of invisibility
 P - 7 potions of resistance
 Q - 8 potions of agility
 R - 4 potions of ambrosia
 T - 7 potions of brilliance
 Y - 3 potions of magic
Miscellaneous
 l - 4 phantom mirrors
 n - a lamp of fire
 u - the horn of Geryon
 D - a lightning rod (4/4)
 F - 4 boxes of beasts
 N - a phial of floods
 W - 2 sacks of spiders
Comestibles
 z - 77 rations


   Skills:
 + Level 20.0 Fighting
   Level 11.3(12.3) Short Blades
 - Level 9.4(12.0) Long Blades
 + Level 20.9 Axes
 + Level 22.8 Armour
 + Level 22.5 Dodging
 + Level 22.8 Shields
 + Level 14.3 Spellcasting
 + Level 21.6 Invocations
 + Level 21.6 Evocations


You had 54 spell levels left.
You didn't know any spells.
Your spell library contained the following spells:

 Spells                   Type           Power        Failure   Level  Hunger
 Animate Skeleton         Necr           N/A          47%         1    #......
 Apportation              Tloc           #.....       47%         1    #......
 Beastly Appendage        Tmut           #.....       47%         1    #......
 Confusing Touch          Hex            #.....       47%         1    #......
 Corona                   Hex            #......      47%         1    #......
 Magic Dart               Conj           #...         47%         1    #......
 Pain                     Necr           #...         47%         1    #......
 Sandblast                Erth           #.....       47%         1    #......
 Summon Butterflies       Summ           #.......     47%         1    #......
 Summon Small Mammal      Summ           #...         47%         1    #......
 Blink                    Tloc           N/A          63%         2    ##.....
 Call Imp                 Summ           #.......     63%         2    ##.....
 Ensorcelled Hibernation  Hex/Ice        #.....       63%         2    ##.....
 Passwall                 Tmut/Erth      #.......     63%         2    ##.....
 Poisonous Vapours        Pois/Air       #.....       63%         2    ##.....
 Searing Ray              Conj           #.....       63%         2    ##.....
 Shroud of Golubria       Chrm/Tloc      #.....       63%         2    ##.....
 Slow                     Hex            #.......     63%         2    ##.....
 Sticks to Snakes         Tmut           #.......     63%         2    ##.....
 Call Canine Familiar     Summ           #.......     87%         3    ###....
 Confuse                  Hex            #.......     87%         3    ###....
 Conjure Flame            Conj/Fire      #.......     87%         3    ###....
 Dazzling Spray           Conj/Hex       #.....       87%         3    ###....
 Gell's Gravitas          Tloc           #.........   87%         3    ###....
 Lesser Beckoning         Tloc           #.........   87%         3    ###....
 Mephitic Cloud           Conj/Pois/Air  #.......     87%         3    ###....
 Portal Projectile        Hex/Tloc       #.....       87%         3    ###....
 Spider Form              Tmut/Pois      #.........   87%         3    ###....
 Stone Arrow              Conj/Erth      #.....       87%         3    ###....
 Summon Guardian Golem    Hex/Summ       #.......     87%         3    ###....
 Teleport Other           Tloc           #.......     87%         3    ###....
 Tukima's Dance           Hex            #.......     87%         3    ###....
 Vampiric Draining        Necr           #.........   87%         3    ###....
 Animate Dead             Necr           N/A          99%         4    #####..
 Force Lance              Conj/Tloc      #.......     99%         4    #####..
 Fulminant Prism          Conj/Hex       #.........   99%         4    #####..
 Ice Form                 Ice/Tmut       #.......     99%         4    #####..
 Iskenderun's Mystic Bla  Conj           #.......     99%         4    #####..
 Passage of Golubria      Tloc           N/A          99%         4    #####..
 Petrify                  Tmut/Erth      #.......     99%         4    #####..
 Summon Ice Beast         Ice/Summ       #.......     99%         4    #####..
 Summon Lightning Spire   Summ/Air       #.......     99%         4    #####..
 Blade Hands              Tmut           #.........   100%        5    ######.
 Irradiate                Conj/Tmut      #.........   100%        5    ######.
 Lee's Rapid Deconstruct  Erth           #.........   100%        5    ######.
 Silence                  Hex/Air        #.........   100%        5    ######.
 Summon Mana Viper        Hex/Summ       #.......     100%        5    ######.
 Bolt of Cold             Conj/Ice       #.........   100%        6    #######
 Conjure Ball Lightning   Conj/Air       #.........   100%        6    #######
 Deflect Missiles         Chrm/Air       #.........   100%        6    #######
 Dispersal                Tloc           #.........   100%        6    #######
 Freezing Cloud           Conj/Ice/Air   #.........   100%        6    #######
 Hydra Form               Tmut           #.........   100%        6    #######
 Poison Arrow             Conj/Pois      #.........   100%        6    #######
 Statue Form              Tmut/Erth      #........    100%        6    #######
 Dragon Form              Tmut           #.........   100%        7    #######
 Haunt                    Necr/Summ      #.........   100%        7    #######
 Ring of Flames           Chrm/Fire      #.........   100%        7    #######
 Summon Hydra             Summ           #.........   100%        7    #######
 Borgnjor's Revivificati  Necr           #.........   100%        8    #######
 Chain Lightning          Conj/Air       #.........   100%        8    #######
 Controlled Blink         Tloc           N/A          100%        8    #######
 Death's Door             Chrm/Necr      #.........   100%        8    #######
 Disjunction              Tloc           #.........   100%        8    #######
 Infestation              Necr           #.........   100%        8    #######
 Lehudib's Crystal Spear  Conj/Erth      #.........   100%        8    #######
 Necromutation            Tmut/Necr      #.........   100%        8    #######
 Fire Storm               Conj/Fire      #.........   100%        9    #######
 Glaciate                 Conj/Ice       #.........   100%        9    #######
 Tornado                  Air            #.........   100%        9    #######
 Regeneration             Chrm/Necr      Unusable     N/A         3    N/A

Dungeon Overview and Level Annotations

Branches:
Dungeon (15/15)            Temple (0/1) D:5            Lair (6/6) D:10
  Swamp (4/4) Lair:2        Snake (4/4) Lair:2        Slime (0/5) Lair:5
    Orc (2/2) D:11            Elf (3/3) Orc:2        Vaults (5/5) D:13
  Crypt (0/3) Vaults:2     Depths (5/5) D:15           Hell (visited)
    Dis (0/7) Hell            Geh (0/7) Hell            Coc (0/7) Hell
    Tar (0/7) Hell            Zot (5/5) Depths:5    Gauntlet (visited)

Altars:
Elyvilon
Fedhas
Gozag
Kikubaaqudgha
Makhleb
Nemelex Xobeh
Qazlal
Ru
Uskayaw
Vehumet
Xom
Zin

Shops:
D:11 [*:   Orc:1 *[   Orc:2 :**(   Snake:2 %*   Vaults:2 (*[[

Portals:
Hell: Depths:1 Depths:2 Depths:3 Depths:4
Abyss: Depths:4 Depths:5
Pandemonium: Depths:3 Depths:5
Ziggurat: Depths:5

Annotations:
D:8 3 runed translucent doors, sankara's ghost, journeyman MiTm
D:9 exclusion: 2 doors
D:15 1 runed translucent door, exclusion: orange crystal statue, Roxanne
Swamp:4 Bai Suzhen
Elf:3 2 transporters, Shenda's ghost, adept HOFi


Innate Abilities, Weirdness & Mutations

You are resistant to damage.
You can heal yourself by infusing magical energy.
You resist negative energy. (rN+)
You passively map a large area around you.
You do not regenerate.
You have a pair of small horns on your head.
You have sharp toenails.
You are mostly covered in molten scales. (AC +3)
You have a somewhat thin skeletal structure. (Dex +2, Stealth)
You tend to lose your temper in combat.
Scrolls take you longer to read.
Armour fits poorly on your strangely shaped body.
Your body often deteriorates upon taking damage.
You are very dopey. (Int -4)
You are extremely frail. (-30% HP)
Your magical capacity is extremely low. (-30% MP)
You occasionally shout uncontrollably at your foes.
You are covered in fur. (AC +1)
You are sometimes teleported next to monsters.
You are very weak. (Str -4)
Potions are poor at restoring your health.
Your spells are much easier to cast, but much less powerful.


Message History

You barely miss the Orb Guardian. You slash the Orb Guardian!
You slash the moth of wrath! You block the Orb Guardian's attack. x2
The Orb Guardian hits you. The moth of wrath barely misses you.
You feel very mighty all of a sudden. You block the Orb Guardian's attack.
The Orb Guardian hits you! The Orb Guardian closely misses you.
The Orb Guardian hits you! x2
The moth of wrath goads the Orb Guardian on!
The Orb Guardian goes berserk!
The Orb Guardian hits you but does no damage.
The Orb Guardian hits you!!
Your body deteriorates!
You feel dopey.
You feel yourself speed up. You block the Orb Guardian's attack.
The Orb Guardian hits you but does no damage.
The Orb Guardian hits you!!!
* * * LOW HITPOINT WARNING * * *
The Orb Guardian hits you!!
* * * LOW HITPOINT WARNING * * *
Your body deteriorates!
You feel weakened. You block the Orb Guardian's attack.
The Orb Guardian hits you!!
You die...

###########...#**,,,,,,,,,,,,,,,,
# ##....#*,,,,,,,,,,,,,,,
*##..^.,,,,,,,,,,,,,,,
*▓▓▓▓▓▓▓▓▓▓***,,,,,*
▓▓▓▓......,,,,,,,,,
##▓.........,,,,,,,,,
##...........,,,,,,,,, ▓▓▓▓▓▓▓▓▓
#....XX......,,,,,,,,,
▓▓.......▓▓▓....@Xy.....,,,,,,,,,
▓.^.......▓▓............,,,,,,,,,
...........▓.†..........,,,,,,,,,
.....0..................,,,,,,,,,
...........▓............,,,,,,,,,
▓.......^.▓▓.)........^.,,,,,,,,,
▓▓.......▓▓▓............,,,,,,,,,
▓▓▓▓▓▓▓▓▓ ▓............,,,,,,,,,
▓▓.........,,,,,,,,,,,


You could see 3 Orb Guardians and a moth of wrath.

Vanquished Creatures
  6 orbs of fire
  9 ancient liches
  A juggernaut (Abyss:3)
  2 Killer Klowns (Zot:5)
  A shard shrike (shapeshifter) (Depths:4)
  Margery (Vaults:3)
  3 curse toes
  Geryon (Hell)
  15 golden dragons
  20 bone dragons
  2 profane servitors
  2 electric golems (Zot:5)
  A hellephant (Abyss:3)
  11 liches
  2 Hell Sentinels (Abyss:1)
  21 tentacled monstrosities
  Jorgrun (Elf:1)
  5 titans
  2 deep elf blademasters (Elf:3)
  22 Orb Guardians (Zot:5)
  2 deep elf master archers
  7 quicksilver dragons
  4 Executioners
  43 tentacled starspawn
  A kraken (Abyss:3)
  11 death cobs
  4 sphinxes
  7 tengu reavers
  15 shadow dragons
  15 storm dragons
  4 thorn hunters
  2 daevas
  5 revenants
  2 storm dragons (shapeshifter)
  2 iron dragons (shapeshifter) (Depths:4)
  8 draconian knights
  6 draconian monks
  15 fire giants
  12 frost giants
  7 ghost moths
  8 nagarajas (Snake:4)
  9 deep elf sorcerers
  3 iron dragons
  21 vault wardens
  Aizul (Vaults:2)
  2 balrugs (Abyss:1)
  17 ironheart preservers
  An orc warlord (D:11)
  3 cacodemons
  11 draconian shifters
  5 draconian stormcallers
  5 deep elf elementalists
  2 angels
  9 draconian annihilators
  11 draconian scorchers
  5 war gargoyles
  2 reapers
  2 spriggan defenders
  An entropy weaver (Vaults:5)
  2 ghouls
  22 stone giants
  9 very ugly things
  3 ophanim
  8 lorocyprocas
  15 green draconians
  14 black draconians
  8 deep elf demonologists
  15 deep elf annihilators
  7 yellow draconians
  22 white draconians
  16 red draconians
  A spark wasp (shapeshifter) (Depths:4)
  13 purple draconians
  An eidolon (Vaults:2)
  4 spark wasps (Depths:2)
  19 ettins
  4 blizzard demons
  5 deep elf death magi
  2 fire dragons (shapeshifter)
  12 yaktaur captains
  2 crystal guardians
  16 fire dragons
  4 green deaths
  4 deep elf high priests
  Josephine (Lair:4)
  3 jiangshi (Depths:3)
  14 great orbs of eyes
  A great orb of eyes (shapeshifter) (Depths:4)
  19 rakshasas
  30 vault guards
  A juggernaut simulacrum (Depths:4)
  A quicksilver dragon zombie (Abyss:3)
  13 ice dragons
  2 ghost crabs
  20 naga warriors
  12 anacondas
  3 catoblepae
  6 hydras
  5 spriggan air magi
  2 shambling mangroves
  9 centaur warriors
  16 ogre magi
  6 alligators
  7 deep troll earth magi
  37 dancing weapons
  2 death knights
  5 deep troll shamans
  34 two-headed ogres
  4 tengu warriors
  3 death yaks (Lair:6)
  4 vampire magi
  6 shock serpents
  10 hell hogs
  50 thrashing horrors
  10 naga sharpshooters
  11 soul eaters
  17 deep elf knights
  A spriggan berserker (Depths:5)
  7 sun demons
  4 iron trolls
  A spark wasp zombie (Hell)
  A titan skeleton (Abyss:1)
  7 shadow wraiths
  6 salamander mystics
  2 death drakes (Zot:1)
  A fire crab (Abyss:3)
  3 fire crabs (shapeshifter)
  84 large abominations
  24 wretched stars
  6 spatial maelstroms
  20 hell knights
  9 sixfirhies
  A skeletal warrior (Vaults:1)
  2 anaconda zombies
  2 cherubim (Abyss:3)
  4 naga ritualists
  12 deep trolls
  10 unseen horrors
  190 starcursed masses
  4 wizards
  9 glowing orange brains
  4 deep elf archers
  3 flayed ghosts
  6 swamp dragons
  A lindwurm (Lair:6)
  10 phantasmal warriors
  A torturous demonspawn (Depths:3)
  12 necromancers
  2 stone giant zombies (Hell)
  3 harpies (Vaults:1)
  8 mana vipers
  2 frost giant zombies (Hell)
  An orb spider (shapeshifter) (Depths:2)
  17 orc knights
  A mana viper (shapeshifter) (Abyss:1)
  15 ironbrand convokers
  2 shining eyes (Abyss:1)
  3 orc sorcerers
  20 ugly things
  A wolf spider zombie (D:14)
  3 cyclopes
  A fire giant zombie (Abyss:1)
  61 deep elf magi
  18 worldbinders
  7 wolf spiders
  A manticore (Lair:6)
  A shining eye (shapeshifter) (Depths:5)
  2 fire giant skeletons (Abyss:2)
  A stone giant skeleton (Abyss:1)
  28 moths of wrath
  An elephant (shapeshifter) (Vaults:2)
  19 naga magi
  5 rust devils
  35 black mambas
  3 guardian serpents
  An ice statue (Hell)
  4 elephants
  27 salamanders
  17 vault sentinels
  9 orange demons
  10 spiny frogs
  A torpor snail (Lair:6)
  A dire elephant skeleton (Abyss:1)
  2 gargoyles
  11 apocalypse crabs
  31 smoke demons
  2 hellions
  A spiny frog (shapeshifter) (Vaults:1)
  3 rime drakes
  A yaktaur zombie (Hell)
  11 efreet
  A spriggan zombie (Hell)
  A tormentor (Abyss:1)
  5 komodo dragons
  6 demonic crawlers
  9 hellwings
  A kobold demonologist (Abyss:1)
  An anaconda simulacrum (Depths:4)
  12 freezing wraiths
  65 yaktaurs
  4 ice devils
  6 tengu conjurers
  26 ancient zymes
  7 trolls
  2 jumping spiders (Vaults:5)
  A guardian mummy (Zot:1)
  2 polar bears
  2 yaktaurs (shapeshifter)
  8 red devils (Hell)
  A hydra zombie (Hell)
  A queen bee (shapeshifter) (Elf:3)
  A troll (shapeshifter) (Vaults:2)
  A tengu simulacrum (Vaults:1)
  10 tyrant leeches
  15 hornets
  6 bog bodies
  A shadow dragon simulacrum (Abyss:3)
  A polar bear (shapeshifter) (Depths:4)
  A blink frog (shapeshifter) (Vaults:5)
  2 wind drakes (shapeshifter)
  An ettin zombie (Hell)
  A moth of wrath zombie (Zot:1)
  84 raiju
  A deep troll zombie (Hell)
  23 blink frogs
  3 fire dragon zombies (Hell)
  2 hydra skeletons (Hell)
  A raiju (shapeshifter) (Depths:4)
  17 slime creatures
  8 dream sheep
  12 hippogriffs
  19 flying skulls
  A redback (shapeshifter) (Depths:4)
  3 spriggans (shapeshifter)
  2 spriggans (Swamp:1)
  An ice dragon skeleton (Abyss:3)
  6 shadows
  4 vampires
  A redback (Vaults:5)
  3 air elementals
  2 elf zombies (Hell)
  A fire dragon skeleton (Abyss:3)
  9 wraiths
  A wyvern (D:15)
  An alligator skeleton (Hell)
  A tarantella (shapeshifter) (Vaults:3)
  4 hogs (D:12)
  3 fire bats
  2 water elementals
  29 ynoxinuls
  12 fire elementals
  3 humans (shapeshifter)
  A basilisk (shapeshifter) (Vaults:5)
  55 yaks
  4 hungry ghosts
  6 basilisks
  5 swamp worm simulacra (Swamp:4)
  3 hogs (shapeshifter)
  10 vampire mosquitoes
  27 neqoxecs
  A golden eye (shapeshifter) (Vaults:3)
  A harpy simulacrum (D:15)
  21 chaos spawn
  4 wargs
  6 spatial vortices
  A naga (shapeshifter) (Vaults:1)
  A soldier ant (shapeshifter) (Depths:2)
  12 hydra simulacra
  3 acid dragons
  26 hell hounds
  64 nagas
  26 water moccasins
  13 insubstantial wisps
  11 swamp worms
  3 spiny frog zombies (Hell)
  A floating eye (shapeshifter) (Vaults:5)
  A floating eye (Depths:2)
  4 swamp drakes
  12 porcupines
  3 black bears
  53 orc warriors
  7 ice beasts
  4 phantoms
  6 sky beasts
  45 ogres
  An eye of draining (shapeshifter) (Vaults:1)
  20 wolves
  8 eyes of draining
  A necrophage (D:5)
  2 alligator simulacra (Hell)
  6 boggarts
  12 crocodiles
  28 centaurs
  5 big kobolds
  A gnoll sergeant (D:9)
  18 bullfrogs
  7 earth elementals
  2 spiny frog simulacra (Hell)
  A wyvern skeleton (D:9)
  A scorpion (D:9)
  77 small abominations
  A troll zombie (Swamp:1)
  8 wights
  A killer bee (D:13)
  6 jellies
  2 troll skeletons (Swamp:1)
  10 centaur zombies
  11 crimson imps
  3 bullfrog zombies
  6 howler monkeys
  4 human simulacra
  23 quasits
  4 centaur skeletons
  20 orc priests
  2 bullfrog skeletons
  A gnoll shaman (D:5)
  8 hounds
  12 iron imps
  22 orc wizards
  4 worker ants
  6 iguanas
  Ijyb (D:5)
  2 howler monkey zombies
  14 gnolls
  A howler monkey skeleton (D:6)
  34 adders
  7 shadow imps
  15 white imps
  3 swamp drake simulacra (Swamp:4)
  15 ufetubi
  An adder zombie (D:9)
  An adder skeleton (D:6)
  2 worms
  A dart slug (D:1)
  5 leopard geckos
  102 orcs
  5 giant cockroaches
  4 goblins (D:3)
  7 hobgoblins
  8 jackals
  4 quokkas
  5 ball pythons
  4 bats
  2 frilled lizards
  A jackal zombie (D:5)
  18 kobolds
  2 leopard gecko zombies
  10 rats
  2 briar patches
  2 crawling corpses (Elf:3)
  A fungus (Lair:6)
  4 lurking horrors
  A plant (Lair:3)
  47 starspawn tentacles
  A tentacle (Abyss:3)
3426 creatures vanquished.

Vanquished Creatures (collateral kills)
  Nikola (Swamp:4)
  Frances (D:14)
  3 thorn hunters
  Kirke (D:12)
  Fannar (D:11)
  2 ice dragons (Swamp:4)
  A hydra (Swamp:4)
  A rakshasa (Vaults:1)
  2 shambling mangroves
  2 two-headed ogres (D:11)
  A ghost crab (Swamp:4)
  A catoblepas (D:12)
  2 alligators (Swamp:2)
  6 spriggans (Swamp:3)
  2 spriggan druids
  A wizard (D:12)
  2 swamp dragons
  2 manticores
  A faun (shapeshifter) (D:13)
  A cyclops (Vaults:1)
  5 ugly things
  2 elephants (Lair:3)
  A black mamba (Lair:3)
  A torpor snail (Lair:6)
  4 spiny frogs
  2 komodo dragons (Lair:4)
  A freezing wraith (Swamp:4)
  A troll (D:13)
  10 hornets (Swamp:3)
  2 polar bears (Lair:3)
  3 tyrant leeches
  2 bog bodies
  A centaur simulacrum (D:14)
  2 shadows
  5 wraiths
  A vampire (D:12)
  5 yaks (Lair:2)
  2 basilisks
  A hog (D:12)
  2 vampire mosquitoes (Swamp:4)
  2 insubstantial wisps (Swamp:3)
  3 swamp worms
  2 nagas (Lair:2)
  A water moccasin (Lair:5)
  5 hydra simulacra (Swamp:4)
  A porcupine (Lair:3)
  5 swamp drakes
  An ogre (D:15)
  A centaur (D:14)
  4 bullfrogs
  A troll zombie (Swamp:1)
  4 wights (D:13)
  A crimson imp (D:14)
  A hound (D:13)
  A bullfrog skeleton (D:12)
  An iguana (D:13)
  A worker ant (D:13)
  3 briar patches (Swamp:4)
  2 fungi
127 creatures vanquished.

Vanquished Creatures (others)
  A draconian knight (Zot:4)
  A white draconian (Zot:5)
  A yaktaur captain (Depths:3)
  2 hydras (Swamp:4)
  A spriggan air mage (Depths:5)
  A naga sharpshooter (Snake:4)
  2 deep elf knights (Elf:2)
  A wizard (Depths:3)
  An orc sorcerer (Elf:3)
  3 yaktaurs (Depths:3)
  An efreet (Abyss:1)
  2 hornets
  2 raiju
  2 bog bodies (Swamp:4)
  A spriggan (Depths:5)
  A ynoxinul (Abyss:3)
  3 small abominations
  A chaos spawn (Abyss:3)
  A naga (Snake:4)
  A starcursed mass (Abyss:3)
  A wolf (Lair:5)
  A centaur (Depths:2)
  3 briar patches (Swamp:4)
  5 bushes
  2 crawling corpses (Elf:3)
  14 demonic plants (Gauntlet)
  16 fungi
  A lurking horror (Abyss:3)
  23 plants
  80 starspawn tentacles
  3 tentacles (Abyss:3)
  5 toadstools (Swamp:2)
183 creatures vanquished.

Grand Total: 3736 creatures vanquished

Notes
Turn   | Place    | Note
-------+----------+-------------------------------------------
     0 | D:1      | twoshot the Deep Dwarf Fighter began the quest for the Orb.
     0 | D:1      | Reached XP level 1. HP: 20/20 MP: 1/1
   149 | D:1      | Reached XP level 2. HP: 19/28 MP: 2/2
   647 | D:2      | Reached XP level 3. HP: 30/34 MP: 2/2
   806 | D:2      | Found a radiant altar of Vehumet.
  1364 | D:3      | Reached XP level 4. HP: 37/44 MP: 3/3
  2316 | D:4      | Found an opulent altar of Gozag.
  2316 | D:4      | Found a white marble altar of Elyvilon.
  2764 | D:4      | Reached XP level 5. HP: 37/50 MP: 4/4
  2910 | D:5      | Entered Level 5 of the Dungeon
  2981 | D:5      | Reached skill level 1 in Spellcasting
  3141 | D:5      | Noticed a water moccasin
  3157 | D:5      | Killed a water moccasin
  3157 | D:5      | Reached XP level 6. HP: 35/58 MP: 5/7
  3319 | D:5      | Reached skill level 5 in Fighting
  3334 | D:5      | Noticed an ice beast
  3341 | D:5      | Reached skill level 5 in Long Blades
  3348 | D:5      | Killed an ice beast
  3348 | D:5      | Reached XP level 7. HP: 36/67 MP: 9/9
  3376 | D:5      | Noticed Ijyb
  3383 | D:5      | Killed Ijyb
  3425 | D:5      | Found a burning altar of Makhleb.
  3430 | D:5      | Became a worshipper of Makhleb the Destroyer
  3462 | D:5      | Found a staircase to the Ecumenical Temple.
  3660 | D:5      | Reached skill level 1 in Invocations
  3740 | D:5      | Reached skill level 1 in Dodging
  3992 | D:5      | Reached * piety under Makhleb
  4099 | D:5      | Reached XP level 8. HP: 60/72 MP: 11/11
  4576 | D:6      | Found an ancient bone altar of Kikubaaqudgha.
  4576 | D:6      | Found a hide-covered altar of Uskayaw.
  4581 | D:6      | Found a blossoming altar of Fedhas.
  4583 | D:6      | Found a faded altar of an unknown god.
  4585 | D:6      | Found a faded altar of an unknown god.
  5278 | D:7      | Gained mutation: You passively map the area around you.
                  | [Deep Dwarf growth]
  5278 | D:7      | Reached XP level 9. HP: 44/82 MP: 12/12
  5394 | D:7      | Reached skill level 5 in Shields
  5476 | D:7      | Reached skill level 5 in Armour
  5476 | D:7      | Reached skill level 1 in Evocations
  5497 | D:7      | Reached ** piety under Makhleb
  5988 | D:8      | Reached skill level 5 in Invocations
  6062 | D:8      | Found a sacrificial altar of Ru.
  6352 | D:8      | Found a sparkling altar of Nemelex Xobeh.
  6382 | D:8      | Found a runed translucent gate.
  6382 | D:8      | Found a runed translucent gate.
  6382 | D:8      | Found an opulent altar of Gozag.
  6382 | D:8      | Found a runed translucent gate.
  6385 | D:8      | Noticed sankara's ghost (journeyman MiTm)
  6685 | D:9      | Reached XP level 10. HP: 92/92 MP: 14/14
  6725 | D:9      | Noticed a two-headed ogre
  6857 | D:9      | Reached *** piety under Makhleb
  6866 | D:9      | Found a stormy altar of Qazlal.
  6958 | D:9      | Killed a two-headed ogre
  6958 | D:9      | Reached skill level 5 in Dodging
  7143 | D:9      | Reached skill level 5 in Evocations
  7190 | D:9      | Reached skill level 1 in Short Blades
  7330 | D:9      | Found a shimmering altar of Xom.
  7995 | D:10     | Entered Level 10 of the Dungeon
  7995 | D:10     | Found a staircase to the Lair.
  8357 | D:10     | Reached XP level 11. HP: 96/100 MP: 15/15
  8605 | D:10     | Reached **** piety under Makhleb
  9469 | D:11     | Found Zutoi's Book Boutique.
  9532 | D:11     | Found a glowing silver altar of Zin.
  9557 | D:11     | Found Neerphyde's Armour Boutique.
  9559 | D:11     | Found a staircase to the Orcish Mines.
  9616 | D:11     | Bought a +0 helmet for 72 gold pieces
  9631 | D:11     | Reached ***** piety under Makhleb
  9780 | D:11     | Noticed a two-headed ogre
  9793 | D:11     | Killed a two-headed ogre
  9808 | D:11     | Got a fine leather armour
  9825 | D:11     | Identified the +3 leather armour "Plog" {rElec Str+6} (You
                  | found it on level 11 of the Dungeon)
  9951 | D:11     | Noticed Fannar
  9968 | D:11     | Killed Fannar
  9968 | D:11     | Reached skill level 5 in Short Blades
  9992 | D:11     | Noticed a two-headed ogre
  9999 | D:11     | Killed a two-headed ogre
  9999 | D:11     | Reached skill level 10 in Invocations
 10198 | Lair:1   | Entered Level 1 of the Lair of Beasts
 10442 | Lair:1   | Reached skill level 10 in Evocations
 10656 | Lair:1   | Reached XP level 12. HP: 78/109 MP: 17/17
 11166 | Lair:1   | Noticed a six-headed hydra
 11188 | Lair:1   | Noticed a storm dragon
 11188 | Lair:1   | a six-headed hydra changed into a storm dragon
 11222 | Lair:1   | Killed a storm dragon
 11898 | Lair:2   | Found a staircase to the Snake Pit.
 12095 | Lair:2   | Found a staircase to the Swamp.
 12377 | Lair:3   | Got a warped ring mail
 12388 | Lair:3   | Identified the +3 ring mail of the Undertaker {rN+ MR+}
                  | (You found it on level 3 of the Lair of Beasts)
 13661 | Lair:4   | Found a gate leading to a gauntlet.
 13670 | Gauntlet | Entered a Gauntlet
 13670 | Gauntlet | Found a transporter.
 13670 | Gauntlet | Found a transporter.
 13674 | Gauntlet | Found a transporter.
 13674 | Gauntlet | Found a transporter.
 13688 | Gauntlet | Found a transporter.
 13696 | Gauntlet | Noticed a death yak
 13696 | Gauntlet | Noticed a death yak
 13697 | Gauntlet | Noticed a death yak
 13697 | Gauntlet | Noticed a death yak
 13698 | Gauntlet | Noticed a death yak
 13698 | Gauntlet | Noticed a death yak
 13704 | Gauntlet | Found a transporter.
 13706 | Gauntlet | Noticed a reaper
 13708 | Gauntlet | Found a transporter.
 13708 | Gauntlet | Found a transporter.
 13711 | Gauntlet | Found a transporter.
 13738 | Gauntlet | Found a transporter.
 13745 | Gauntlet | Found a transporter.
 13763 | Gauntlet | Found a transporter.
 13808 | Gauntlet | Found a transporter.
 13821 | Gauntlet | Noticed a dire elephant
 13822 | Gauntlet | Found a transporter.
 13925 | Gauntlet | Found a transporter.
 13940 | Gauntlet | Found the brooch of Shielding {Reflect SH+8}
 13943 | Gauntlet | Found a transporter.
 14248 | Lair:4   | Noticed an eight-headed hydra
 14252 | Lair:4   | Killed an eight-headed hydra
 14303 | Lair:4   | Noticed Josephine
 14320 | Lair:4   | Killed Josephine
 14320 | Lair:4   | Reached skill level 10 in Short Blades
 14718 | Lair:4   | Reached XP level 13. HP: 92/115 MP: 20/20
 15948 | Lair:5   | Identified a scroll of acquirement
 15952 | Lair:5   | Got a bound ivory ring
 15953 | Lair:5   | Identified the ring of Sin {rPois rN++ MR- Dex+3 Stlth+}
                  | (You acquired it on level 5 of the Lair of Beasts)
 16114 | Lair:5   | Found a staircase to the Slime Pits.
 16740 | D:12     | Noticed Kirke
 16743 | D:12     | Noticed a sphinx
 16919 | D:12     | Noticed a sphinx
 16945 | D:12     | Killed Kirke
 16945 | D:12     | Reached skill level 15 in Invocations
 18228 | Orc:1    | Entered Level 1 of the Orcish Mines
 18228 | Orc:1    | Found Kapt's Assorted Antiques.
 18367 | Orc:1    | Noticed an orc warlord
 18512 | Lair:6   | Entered Level 6 of the Lair of Beasts
 18762 | Lair:6   | Got an ancient ring mail
 18773 | Lair:6   | Identified the +5 ring mail "Wearch" {MR+++ Int+3} (You
                  | found it on level 6 of the Lair of Beasts)
 19420 | Lair:6   | Got a crystal broad axe
 19421 | Lair:6   | Identified the +11 broad axe "Oxuotha" {drain, rElec rC+
                  | Str+4} (You found it on level 6 of the Lair of Beasts)
 19442 | Lair:6   | Gained mutation: You resist negative energy. (rN+) [Deep
                  | Dwarf growth]
 19442 | Lair:6   | Reached XP level 14. HP: 106/123 MP: 22/22
 20914 | D:13     | Found a gate to the Vaults.
 20914 | D:13     | Noticed an ironheart preserver
 20956 | D:13     | Killed an ironheart preserver
 21485 | D:14     | Noticed Frances
 21509 | D:14     | Killed Frances
 21659 | D:14     | You fall into a shaft and drop 1 floor!
 21659 | D:15     | Entered Level 15 of the Dungeon
 21671 | D:15     | Identified the +9 double sword "Edghirr" {venom, *Contam
                  | rC+ rN+ Dex+2} (You acquired it on level 15 of the Dungeon)
 22242 | D:14     | You fall into a shaft and drop 1 floor!
 22254 | D:15     | Identified Roxanne's Guide on Stones
 22254 | D:15     | Noticed Roxanne
 23297 | D:15     | Found a staircase to the Depths.
 23449 | D:15     | Found a runed translucent door.
 23512 | D:15     | Reached XP level 15. HP: 103/134 MP: 23/23
 23700 | D:11     | Killed an orc warlord
 23814 | Orc:1    | Found Gosag's Antique Armour Shoppe.
 24154 | Orc:2    | Entered Level 2 of the Orcish Mines
 24359 | Orc:2    | Found a staircase to the Elven Halls.
 24836 | Orc:2    | Reached ****** piety under Makhleb
 25324 | Orc:2    | Found Iliy's General Store.
 25324 | Orc:2    | Found Gazaeroh's General Store.
 25326 | Orc:2    | Found Weiwnuta's Antique Weapon Boutique.
 25328 | Orc:2    | Found Tuigarakk's Book Shoppe.
 25339 | Orc:2    | Bought a brightly glowing longbow for 399 gold pieces
 25340 | Orc:2    | Identified the +3 longbow "Ontum" {speed, rF+ Str+2} (You
                  | bought it in a shop on level 2 of the Orcish Mines)
 25820 | Swamp:1  | Entered Level 1 of the Swamp
 25840 | Lair:2   | Reached skill level 1 in Axes
 26168 | Swamp:1  | Reached skill level 5 in Axes
 26937 | Swamp:2  | Noticed a thorn hunter
 26961 | Swamp:2  | Killed a thorn hunter
 27000 | Swamp:2  | Noticed a thorn hunter
 27008 | Swamp:2  | Killed a thorn hunter
 27317 | Swamp:2  | Noticed a thorn hunter
 27497 | Swamp:2  | Killed a thorn hunter
 28024 | Swamp:3  | Noticed a thorn hunter
 28034 | Swamp:3  | Killed a thorn hunter
 28042 | Swamp:3  | Noticed a thorn hunter
 28045 | Swamp:3  | Killed a thorn hunter
 28045 | Swamp:3  | Reached skill level 10 in Axes
 28403 | Swamp:3  | Reached XP level 16. HP: 64/144 MP: 20/20
 28428 | Swamp:3  | Gained mutation: Your spells are a little easier to cast,
                  | but a little less powerful. [mutagenic glow]
 28444 | Swamp:3  | Paralysed by a hornet for 3 turns
 28541 | Swamp:4  | Entered Level 4 of the Swamp
 28707 | Swamp:4  | Noticed Nikola
 28725 | Swamp:4  | Killed Nikola
 28771 | Swamp:4  | HP: 7/144 [nine-headed hydra (6)]
 28774 | Swamp:4  | Noticed Bai Suzhen
 28850 | Swamp:4  | Noticed an Executioner
 29000 | Swamp:4  | Noticed a thorn hunter
 29002 | Swamp:4  | Noticed a thorn hunter
 29007 | Swamp:4  | Killed a thorn hunter
 29017 | Swamp:4  | Killed a thorn hunter
 29095 | Swamp:4  | Identified the +3 leather armour of the Sacrificial Victim
                  | {Regen+} (You found it on level 4 of the Swamp)
 30199 | Swamp:4  | Got a decaying rune of Zot
 30505 | Vaults:1 | Entered Level 1 of the Vaults
 30545 | Vaults:1 | Found a flickering gateway to a bazaar.
 30557 | Bazaar   | Entered a bazaar
 30576 | Bazaar   | Found Kyblih's Food Emporium.
 30587 | Bazaar   | Found Guery's Assorted Antiques.
 30632 | Bazaar   | Found Guw Liti's Antique Weapon Shoppe.
 30674 | Bazaar   | Found Qopentif's Gadget Shoppe.
 30679 | Bazaar   | Bought a sack of spiders for 240 gold pieces
 30679 | Bazaar   | Bought a phantom mirror for 360 gold pieces
 30679 | Bazaar   | Bought a sack of spiders for 240 gold pieces
 30679 | Bazaar   | Bought a lightning rod (4/4) for 480 gold pieces
 30679 | Bazaar   | Bought a box of beasts for 240 gold pieces
 30679 | Bazaar   | Bought a phial of floods for 480 gold pieces
 30717 | Bazaar   | Found Qoogur's Food Shoppe.
 30744 | Bazaar   | Bought a scroll of blinking for 202 gold pieces
 30744 | Bazaar   | Bought a dented steel amulet for 135 gold pieces
 31457 | Vaults:1 | Reached skill level 15 in Axes
 31858 | Vaults:1 | Reached XP level 17. HP: 150/150 MP: 17/17
 32404 | Vaults:2 | Noticed Aizul
 32417 | Vaults:2 | Killed Aizul
 32458 | Vaults:2 | Found a staircase to the Crypt.
 32896 | Vaults:2 | Found Ynofiole's Antique Armour Boutique.
 32939 | Vaults:2 | Got a pitted great sword
 32945 | Vaults:2 | Identified the +12 great sword of Dung {venom, rF+ Dex-5
                  | SInv} (You found it on level 2 of the Vaults)
 33051 | Vaults:2 | Found Gozag's Assorted Antiques.
 33119 | Vaults:2 | Found an opulent altar of Gozag.
 33124 | Vaults:2 | Found Gozag's Antique Armour Shoppe.
 33141 | Vaults:2 | Found Gozag's Antique Weapon Emporium.
 33324 | Vaults:2 | Got a pitted triple crossbow
 33330 | Vaults:2 | Identified the +3 triple crossbow "Nobel" {velocity, *Drain
                  | rF+ rN+ MR++} (You found it on level 2 of the Vaults)
 34048 | Vaults:2 | Reached skill level 10 in Shields
 34173 | Vaults:3 | Noticed Margery
 34175 | Vaults:2 | Reached skill level 10 in Armour
 34387 | Vaults:3 | Gained mutation: You passively map a large area around you.
                  | [Deep Dwarf growth]
 34387 | Vaults:3 | Reached XP level 18. HP: 128/160 MP: 18/18
 34405 | Vaults:3 | Reached skill level 10 in Fighting
 34438 | Vaults:3 | Reached skill level 10 in Dodging
 34552 | Vaults:3 | Killed Margery
 35299 | Vaults:3 | Got a transparent granite ring
 35863 | Vaults:4 | Reached XP level 19. HP: 172/172 MP: 19/19
 36923 | Snake:1  | Entered Level 1 of the Snake Pit
 37063 | Snake:1  | Identified the ring of the Tortoise {rF+ rCorr} (You found
                  | it on level 3 of the Vaults)
 37654 | Snake:2  | Found Guruvvy's Goods Gallery.
 37792 | Snake:2  | Found Umon's Food Boutique.
 39309 | Snake:4  | Entered Level 4 of the Snake Pit
 39677 | Snake:4  | Reached XP level 20. HP: 184/184 MP: 20/20
 40488 | Snake:4  | Got a serpentine rune of Zot
 40823 | Elf:1    | Entered Level 1 of the Elven Halls
 40996 | Elf:1    | Noticed Jorgrun
 41010 | Elf:1    | Killed Jorgrun
 41085 | Elf:1    | Reached XP level 21. HP: 193/193 MP: 21/21
 41997 | Elf:2    | Found a runed translucent gate.
 41997 | Elf:2    | Found a runed translucent gate.
 41997 | Elf:2    | Found a runed translucent gate.
 42504 | Elf:2    | Reached skill level 15 in Shields
 42787 | Elf:3    | Entered Level 3 of the Elven Halls
 42790 | Elf:3    | Reached skill level 15 in Armour
 42820 | Elf:3    | Found a transporter.
 42823 | Elf:3    | Noticed Shenda's ghost (adept HOFi)
 42954 | Elf:3    | Reached skill level 15 in Dodging
 42954 | Elf:3    | Reached XP level 22. HP: 205/205 MP: 21/21
 43383 | Elf:3    | Identified the +5 morningstar of the Apocalypse {crush,
                  | -Tele Str+2 Dex+3 Stlth+}
 43384 | Elf:3    | Found a transporter.
 43715 | Elf:3    | Identified Agadeagh's Volume of the Helpful Frostbite
 43724 | Elf:3    | Identified the ring of Colap {MR+ Str+3 Dex+5} (You found
                  | it on level 3 of the Elven Halls)
 43833 | Elf:3    | Identified the ring "Jeynoq" {rC+ Str+2} (You found it on
                  | level 3 of the Elven Halls)
 43841 | Elf:3    | Got a pair of jewelled gloves
 43847 | Elf:3    | Identified the +2 pair of gloves of Optor {rC+} (You found
                  | it on level 3 of the Elven Halls)
 44138 | Depths:1 | Entered Level 1 of the Depths
 44261 | Depths:1 | Found the +8 arc blade {discharge, rElec}
 44665 | Depths:1 | Found a gateway to Hell.
 45093 | Depths:2 | You fall into a shaft and drop 1 floor!
 45253 | Depths:3 | Found a flickering gateway to a bazaar.
 45392 | Depths:3 | Found a one-way gate leading to the halls of Pandemonium.
 45650 | Depths:3 | Identified the cursed +3 halberd "Ozoosit" {vamp, rElec rC+
                  | Dex+2}
 45703 | Depths:3 | Gained mutation: You are clumsy. (Dex -2) [a shining eye]
 45723 | Depths:3 | Found the +12 Vampire's Tooth {vamp}
 46064 | Depths:2 | Reached XP level 23. HP: 214/214 MP: 22/22
 46608 | Depths:2 | Reached skill level 15 in Fighting
 47105 | Depths:4 | Found the +0 pair of fencer's gloves {Riposte Dex+3}
 47417 | Depths:4 | Noticed a shard shrike
 47429 | Depths:4 | Killed a shard shrike
 47682 | Depths:4 | Reached skill level 5 in Spellcasting
 47753 | Depths:4 | Found a one-way gate to the infinite horrors of the Abyss.
 47930 | Depths:5 | Entered Level 5 of the Depths
 48029 | Depths:5 | Gained mutation: You have supernaturally acute eyesight.
                  | (SInv) [a shining eye]
 48030 | Depths:5 | Gained mutation: You are weak. (Str -2) [a shining eye]
 48086 | Depths:5 | Found a gate to the Realm of Zot.
 48236 | Depths:5 | Gained mutation: You are frail. (-10% HP) [a cacodemon]
 48270 | Depths:5 | Noticed an ancient lich
 48271 | Depths:5 | Found a gateway to a ziggurat.
 48271 | Depths:5 | Noticed an ancient lich
 48308 | Depths:5 | Reached XP level 24. HP: 177/202 MP: 13/22
 48714 | Vaults:5 | Entered Level 5 of the Vaults
 49450 | Vaults:5 | Got a silver rune of Zot
 49547 | Vaults:5 | Found the +10 zealot's sword {holy, *Rage rN+ EV+3}
 49665 | Vaults:5 | Reached XP level 25. HP: 211/211 MP: 23/23
 49741 | Vaults:5 | Identified the ring of Huanodgh {rPois rN+ Int+2 Dex+5}
                  | (You found it on level 5 of the Vaults)
 50370 | Depths:4 | Voluntarily entered the Abyss.
 50465 | Abyss:1  | Found a hide-covered altar of Uskayaw.
 50945 | Abyss:1  | Found a snail-covered altar of Cheibriados.
 50981 | Abyss:1  | Identified the +4 battleaxe of Descent {chop, MR+} (You
                  | found it on level 1 of the Abyss)
 51093 | Abyss:1  | Gained mutation: You are very weak. (Str -4) [a neqoxec]
 51704 | Abyss:1  | Gained mutation: Your magical capacity is low. (-10% MP) [a
                  | neqoxec]
 51727 | Abyss:2  | Found a corrupted altar of Lugonu.
 52235 | Abyss:3  | Gained mutation: Your body sometimes deteriorates upon
                  | taking damage. [a cacodemon]
 52592 | Abyss:3  | Found a corrupted altar of Lugonu.
 52872 | Abyss:3  | Reached skill level 15 in Evocations
 52959 | Abyss:3  | Gained mutation: Armour fits poorly on your strangely
                  | shaped body. [a neqoxec]
 53255 | Abyss:3  | Paralysed by accursed screaming for 1 turns
 53263 | Abyss:3  | Reached XP level 26. HP: 222/222 MP: 19/19
 54059 | Depths:4 | Escaped the Abyss
 54244 | Depths:4 | Identified the +1 helmet of the Present {-Tele rF++ rC-
                  | Dex+2} (You found it on level 4 of the Depths)
 54264 | Depths:4 | Voluntarily entered the Abyss.
 54265 | Abyss:1  | Found a corrupted altar of Lugonu.
 54320 | Abyss:1  | Paralysed by accursed screaming for 2 turns
 54326 | Abyss:1  | Paralysed by accursed screaming for 1 turns
 54334 | Abyss:1  | Paralysed by accursed screaming for 2 turns
 54343 | Abyss:1  | Paralysed by a lich for 7 turns
 54372 | Depths:4 | Escaped the Abyss
 54373 | Depths:4 | Lost mutation: Your spells are a little easier to cast, but
                  | a little less powerful. [potion of mutation]
 54373 | Depths:4 | Lost mutation: You are very weak. (Str -4) [potion of
                  | mutation]
 54373 | Depths:4 | Gained mutation: Your body often deteriorates upon taking
                  | damage. [potion of mutation]
 54373 | Depths:4 | Gained mutation: You are partially covered in molten
                  | scales. (AC +2) [potion of mutation]
 54373 | Depths:4 | Gained mutation: You expend magic power (3 MP) to
                  | strengthen your wands. [potion of mutation]
 54373 | Depths:4 | Gained mutation: You have a somewhat thin skeletal
                  | structure. (Dex +2, Stealth) [potion of mutation]
 54376 | Depths:4 | Lost mutation: You expend magic power (3 MP) to strengthen
                  | your wands. [potion of mutation]
 54376 | Depths:4 | Lost mutation: You are frail. (-10% HP) [potion of
                  | mutation]
 54376 | Depths:4 | Gained mutation: You are mostly covered in molten scales.
                  | (AC +3) [potion of mutation]
 54376 | Depths:4 | Gained mutation: You evolve. [potion of mutation]
 54376 | Depths:4 | Lost mutation: You are weak. (Str -2) [potion of mutation]
 54378 | Depths:4 | Lost mutation: Your body often deteriorates upon taking
                  | damage. [potion of mutation]
 54378 | Depths:4 | Lost mutation: You are clumsy. (Dex -2) [potion of
                  | mutation]
 54378 | Depths:4 | Lost mutation: Armour fits poorly on your strangely shaped
                  | body. [potion of mutation]
 54378 | Depths:4 | Lost mutation: You evolve. [potion of mutation]
 54378 | Depths:4 | Gained mutation: You are covered in fur. (AC +1) [potion of
                  | mutation]
 54378 | Depths:4 | Gained mutation: You have sharp toenails. [potion of
                  | mutation]
 54381 | Depths:4 | Voluntarily entered the Abyss.
 54606 | Abyss:2  | Found a corrupted altar of Lugonu.
 54831 | Abyss:2  | Reached skill level 10 in Spellcasting
 55307 | Abyss:3  | Paralysed by accursed screaming for 1 turns
 55451 | Abyss:3  | Gained mutation: Armour fits poorly on your strangely
                  | shaped body. [a neqoxec]
 55635 | Abyss:3  | Reached XP level 27. HP: 257/257 MP: 20/20
 56328 | Abyss:3  | Found a glowing golden altar of the Shining One.
 56332 | Abyss:3  | Paralysed by accursed screaming for 1 turns
 56387 | Abyss:3  | Noticed a juggernaut
 56401 | Abyss:3  | Killed a juggernaut
 56405 | Abyss:3  | Got an abyssal rune of Zot
 56409 | Abyss:3  | Found a glowing golden altar of the Shining One.
 56590 | Depths:4 | Escaped the Abyss
 56604 | Depths:4 | Voluntarily entered the Abyss.
 56973 | Abyss:1  | Lost mutation: You have supernaturally acute eyesight.
                  | (SInv) [a cacodemon]
 56981 | Abyss:1  | Gained mutation: You are occasionally teleported next to
                  | monsters. [a cacodemon]
 57366 | Abyss:1  | Found a corrupted altar of Lugonu.
 57369 | Abyss:1  | Gained mutation: Your body often deteriorates upon taking
                  | damage. [a neqoxec]
 57473 | Abyss:1  | Paralysed by accursed screaming for 1 turns
 58320 | Abyss:1  | Gained mutation: You are frail. (-10% HP) [a shining eye]
 58969 | Abyss:1  | Found a sacrificial altar of Ru.
 59105 | Abyss:1  | Found a sacrificial altar of Ru.
 59722 | Abyss:1  | Found a corrupted altar of Lugonu.
 59777 | Abyss:1  | Noticed an ancient lich
 59792 | Abyss:1  | Killed an ancient lich
 60613 | Abyss:1  | Gained mutation: You are dopey. (Int -2) [a shining eye]
 60613 | Abyss:1  | Gained mutation: You are very dopey. (Int -4) [a shining
                  | eye]
 60615 | Abyss:1  | Gained mutation: Potions cannot restore your health. [a
                  | shining eye]
 60696 | Depths:4 | Escaped the Abyss
 61129 | Hell     | Entered the Vestibule of Hell
 61129 | Hell     | Noticed Geryon
 61499 | Hell     | Killed Geryon
 61618 | Hell     | Found a gateway to the freezing wastes of Cocytus.
 61723 | Hell     | Found a gateway to the Iron City of Dis.
 61800 | Hell     | Found a gateway to the ashen valley of Gehenna.
 61845 | Hell     | Found a gateway to the decaying netherworld of Tartarus.
 62049 | Zot:1    | Entered Level 1 of the Realm of Zot
 62057 | Zot:1    | Noticed an orb of fire
 62073 | Zot:1    | Gained mutation: Your spells are a little easier to cast,
                  | but a little less powerful. [an orb of fire]
 62089 | Zot:1    | Gained mutation: You are very frail. (-20% HP) [an orb of
                  | fire]
 62091 | Zot:1    | Gained mutation: Your magical capacity is very low. (-20%
                  | MP) [an orb of fire]
 62093 | Zot:1    | Killed an orb of fire
 62115 | Zot:1    | Noticed an ancient lich
 62130 | Zot:1    | Killed an ancient lich
 62141 | Zot:1    | You fall into a shaft and drop 1 floor!
 62184 | Zot:1    | Noticed an ancient lich
 62193 | Zot:1    | Killed an ancient lich
 62320 | Zot:1    | Lost mutation: Your body often deteriorates upon taking
                  | damage. [potion of mutation]
 62320 | Zot:1    | Lost mutation: Potions are less effective at restoring your
                  | health. [potion of mutation]
 62320 | Zot:1    | Lost mutation: You are very dopey. (Int -4) [potion of
                  | mutation]
 62320 | Zot:1    | Gained mutation: You are agile. (Dex +2) [potion of
                  | mutation]
 62321 | Zot:1    | Lost mutation: You are dopey. (Int -2) [potion of mutation]
 62321 | Zot:1    | Lost mutation: You are agile. (Dex +2) [potion of mutation]
 62321 | Zot:1    | Lost mutation: Armour fits poorly on your strangely shaped
                  | body. [potion of mutation]
 62321 | Zot:1    | Lost mutation: You are very frail. (-20% HP) [potion of
                  | mutation]
 62321 | Zot:1    | Lost mutation: You are occasionally teleported next to
                  | monsters. [potion of mutation]
 62321 | Zot:1    | Gained mutation: You have a pair of small horns on your
                  | head. [potion of mutation]
 62912 | Zot:1    | Noticed an orb of fire
 62912 | Zot:1    | Gained mutation: You are dopey. (Int -2) [an orb of fire]
 62915 | Zot:1    | Gained mutation: Your spells are easier to cast, but less
                  | powerful. [an orb of fire]
 62916 | Zot:1    | Gained mutation: Your magical capacity is extremely low.
                  | (-30% MP) [an orb of fire]
 62926 | Zot:1    | Gained mutation: Potions are less effective at restoring
                  | your health. [an orb of fire]
 62932 | Zot:1    | Gained mutation: Scrolls take you a little longer to read.
                  | [an orb of fire]
 62935 | Zot:1    | Gained mutation: Scrolls take you longer to read. [an orb
                  | of fire]
 62943 | Zot:1    | Killed an orb of fire
 65312 | Zot:3    | Noticed an orb of fire
 65316 | Zot:3    | Gained mutation: Your body often deteriorates upon taking
                  | damage. [an orb of fire]
 65318 | Zot:3    | Gained mutation: You are weak. (Str -2) [an orb of fire]
 65322 | Zot:3    | Gained mutation: You are very frail. (-20% HP) [an orb of
                  | fire]
 65325 | Zot:3    | Gained mutation: Armour fits poorly on your strangely
                  | shaped body. [an orb of fire]
 65329 | Zot:3    | Gained mutation: Potions are poor at restoring your health.
                  | [an orb of fire]
 65330 | Zot:3    | Killed an orb of fire
 66490 | Zot:5    | Entered Level 5 of the Realm of Zot
 67143 | Zot:5    | Noticed an ancient lich
 67143 | Zot:5    | Noticed an ancient lich
 67152 | Zot:5    | Noticed an orb of fire
 67154 | Zot:5    | Killed an ancient lich
 67163 | Zot:5    | Killed an ancient lich
 67175 | Zot:5    | Noticed an orb of fire
 67177 | Zot:5    | Gained mutation: You are very dopey. (Int -4) [an orb of
                  | fire]
 67179 | Zot:5    | Killed an orb of fire
 67179 | Zot:5    | Noticed an ancient lich
 67180 | Zot:5    | Noticed an ancient lich
 67188 | Zot:5    | Gained mutation: You are extremely frail. (-30% HP) [an orb
                  | of fire]
 67190 | Zot:5    | Killed an ancient lich
 67194 | Zot:5    | Noticed an ancient lich
 67202 | Zot:5    | Gained mutation: You tend to lose your temper in combat.
                  | [an orb of fire]
 67203 | Zot:5    | Gained mutation: Your spells are much easier to cast, but
                  | much less powerful. [an orb of fire]
 67206 | Zot:5    | Gained mutation: You are occasionally teleported next to
                  | monsters. [an orb of fire]
 67207 | Zot:5    | Killed an orb of fire
 67209 | Zot:5    | Killed an ancient lich
 67213 | Zot:5    | Killed an ancient lich
 67216 | Zot:5    | Noticed an ancient lich
 67276 | Zot:5    | Noticed an ancient lich
 67278 | Zot:5    | Noticed an orb of fire
 67285 | Zot:5    | Gained mutation: You are very weak. (Str -4) [an orb of
                  | fire]
 67291 | Zot:5    | Killed an ancient lich
 67298 | Zot:5    | Gained mutation: You are sometimes teleported next to
                  | monsters. [an orb of fire]
 67303 | Zot:5    | Gained mutation: You occasionally shout uncontrollably at
                  | your foes. [an orb of fire]
 67319 | Zot:5    | Killed an orb of fire
 67340 | Zot:5    | Mangled by an Orb Guardian

Levels and vault maps discovered:
D:1:      ncdulo_smallfort, layout_rooms
D:2:      layout_loops_cross, vehumet_crystals
D:3:      layout_basic
D:4:      layout_basic, grunt_temple_overflow_open, minmay_fire_ice_demons
D:5:      layout_basic, bloody_makhleb, minmay_temple_entry_nine_rooms,
          first_ration, chequers_mini_garden, minivault_1, minmay_crystal_room,
          minmay_divided_ellipse, uniq_ijyb
D:6:      layout_basic, chequers_temple_overflow_minitemple
D:7:      layout_gridville
D:8:      layout_basic, kennysheep_mini, lemuel_coloured_pillars_altar,
          ebering_ghost_gozag
D:9:      layout_rooms, kennysheep_little_box, nicolae_overflow_hidden_temple,
          hangedman_ranch [blue_anna_fruit_fields]
D:10:     layout_loops_ring, minmay_lair_entry_grove
D:11:     layout_basic, orc_david_3, basic_altar, serial_shops,
          nicolae_shop_behind_doors, uniq_fannar
D:12:     layout_loops_ring, uniq_kirke
D:13:     layout_gridville, skrybe_vaults_entry_preservation, nrook_mini_vaults
D:14:     layout_roguey, minmay_holes, uniq_frances
D:15:     grunt_enter_depths_hoard, layout_irregular_city, serial_park_square1
          [serial_park_minivault_5x5_3], minmay_crystal_box, uniq_roxanne
Lair:1:   layout_chaotic_city
Lair:2:   layout_long_grid, minmay_swamp_entry_worms,
          guppyfry_snake_entry_island
Lair:3:   layout_cave_pods, cheibrodos_lair_lostbears
Lair:4:   layout_gridlike, gauntlet_entry_generic, infiniplex_staircase_pool_2,
          uniq_josephine
Lair:5:   lemuel_reptile_caves, layout_layer_cave, dpeg_slime_entry_corner
Lair:6:   hangedman_lair_in_review, layout_cave_pods
Swamp:1:  layout_basic_swamp, nicolae_swamp_very_dense_foliage, swamp_pool4,
          cheibrodos_swamp_minitomb
Swamp:2:  cheibrodos_swamp_tower_of_moss, layout_falls_marsh,
          evilmike_swamp_ruin_house_6
Swamp:3:  layout_basic_swamp, nicolae_swamp_fairy_circle,
          infiniplex_staircase_pool
Swamp:4:  swamp_icy, layout_basic_swamp, swamp_pool2,
          nicolae_swamp_triple_paths, uniq_bai_suzhen, uniq_nikola
Snake:1:  layout_onion_interference
Snake:2:  layout_misc_corridors, serial_shops, shop, grunt_ministairs_2,
          nicolae_alphabet_shops, lemuel_fruit_tree
Snake:3:  minmay_snake_river, layout_grid_shapes
Snake:4:  minmay_snake_end_coiled, layout_chambers
Orc:1:    layout_diamond_mine, portal_ice_cave_entry_pillars_2, serial_shops,
          nicolae_shop_overgrown_old_shop, nicolae_shop_behind_doors
Orc:2:    st_orc_rangers, layout_caves, minmay_orc_keep
Elf:1:    eino_elf_arrival_customs, layout_onion_city, hangedman_elf_represent,
          uniq_jorgrun
Elf:2:    layout_geoelf_diagonals
Elf:3:    minmay_elf_hall_quartered_circle, layout_gridlike,
          gammafunk_ghost_arena, st_stairs_13
Vaults:1: grunt_vaults_diagonal, v_rooms_5, ontoclasm_vaults_tryst,
          nicolae_vaults_ninety_degrees, vaults_mumra_minichess_inversion,
          st_diamondy, hangedman_vaults_unwind, ontoclasm_vaults_ring_large,
          v_rooms_4, grunt_vaults_funnel, ontoclasm_vaults_twist,
          nicolae_vaults_little_squares_3, nicolae_vaults_little_squares_1,
          ontoclasm_vaults_ring_square, layout_vaults_maze, serial_shops,
          bzr_entry_dummy, uniq_saint_roka
Vaults:2: kennysheep_vaults_gozag_temple, nicolae_vaults_network_quinsquares
          [nicolae_vaults_network_quincunx_subvault,
          nicolae_vaults_network_quincunx_subvault,
          nicolae_vaults_network_quincunx_subvault,
          nicolae_vaults_network_quincunx_subvault], grunt_vaults_hallway_short,
          nicolae_vaults_bisected_slash, v_misc_5,
          nicolae_vaults_mini_display_case, hangedman_vaults_capsules,
          v_misc_19, nicolae_vaults_yaktaur_gun_rack,
          nicolae_vaults_little_squares_6, layout_vaults_omnigrid,
          minmay_crypt_entry_simple_corners, serial_shops, shop, uniq_aizul
Vaults:3: nicolae_vaults_disjoint_gnomons, dpeg_vaults_monster_row,
          hangedman_vaults_locks, nicolae_vaults_twisting_passages, v_misc_11,
          nicolae_vaults_network_periphery, vaults_dpeg_doors,
          vaults_dpeg_diagonal, vaults_room_semicircle, vaults_room_grid,
          vaults_room_pool, vaults_mumra_chevron, layout_vaults_omnibox,
          serial_glass, uniq_margery
Vaults:4: nicolae_vaults_specimen_jars, nicolae_vaults_hallways_thing,
          vaults_room_boxed, vaults_room_hangedman_quadrants, vaults_mumra_lcd,
          v_rooms_1, ontoclasm_vaults_pinch, hangedman_vaults_cutoff,
          v_pattern_3, v_misc_5, ontoclasm_vaults_ligature,
          nicolae_vaults_little_squares_4, v_misc_2, layout_vaults_ring
Vaults:5: serial_shops
Depths:1: minmay_shoctagon, layout_gridlike, hell_entry,
          minmay_misc_feat_rugged, kennysheep_generic_room_16
Depths:2: minmay_polygon_palace, layout_cave_pools,
          pf_vacation_house_of_asmodeus, bh_walls_and_bars,
          kennysheep_island_fort, minmay_shop_grove
Depths:3: evilmike_lava_path, layout_cave_pools, rand_demon_pan_entry_8,
          hell_entry, serial_shops, bzr_firewalk, serial_bayou_shore_b
Depths:4: hangedman_crystal_crosses_colossus [crystal_crosses_arms_four,
          crystal_crosses_arms_two, crystal_crosses_arms_one,
          crystal_crosses_arms_one], hell_entry, abyss_entry
Depths:5: evilmike_zot_entry_basic, layout_gridville, enter_ziggurat_d,
          serial_shops, bzr_entry_road, hangedman_abyss_entry_splay,
          hangedman_abyss_or_decor_lesser_grid, hell_entry,
          grunt_pan_entry_spiral, lemuel_flamethrower_2
Hell
Zot:1:    layout_cathedral_of_symmetry, hangedman_zot_diagonal_lockstep,
          st_stairs_1, st_single_dragon_hoard_2, hangedman_snap_crack_crunch
Zot:2:    layout_twisted_circle
Zot:3:    layout_basic, hangedman_elemental_corridor, grunt_megastairs_1
Zot:4:    layout_basic
Zot:5:    layout_gridville, grunt_ministairs_9

Skill      XL: |  1  2  3  4  5  6  7  8  9 10 11 12 13 14 15 16 17 18 19 20 21 22 23 24 25 26 27 |
---------------+----------------------------------------------------------------------------------+-----
Fighting       | 3 4 5 6 7 8 9 11 12 13 14 15 16 17 20 | 20.0
Long Blades    | 3 4 5 6 7 9 |  9.4
Spellcasting   | 1 2 3 4 5 7 9 10 14 | 14.3
Invocations    | 2 4 5 8 11 13 15 16 17 18 21 | 21.6
Dodging        | 1 3 4 5 6 8 9 11 13 14 15 16 17 18 19 22 | 22.5
Shields        | 4 6 7 9 10 12 13 14 15 16 17 18 19 20 22 | 22.8
Armour         | 4 6 7 9 10 12 13 14 15 16 17 18 19 20 22 | 22.8
Evocations     | 3 7 10 11 13 15 16 21 | 21.6
Short Blades   | 3 6 10 11 | 11.3
Axes           | 10 16 18 20 | 20.9

Action                   |  1- 3 |  4- 6 |  7- 9 | 10-12 | 13-15 | 16-18 | 19-21 | 22-24 | 25-27 || total
-------------------------+-------+-------+-------+-------+-------+-------+-------+-------+-------++-------
Melee: Long sword        |    93 |       |       |       |       |       |       |       |       ||    93
       Whip              |    23 |   100 |    13 |       |       |       |       |       |       ||   136
       Short sword       |       |       |   604 |  1658 |  1576 |       |       |       |       ||  3838
       Unarmed           |       |       |       |       |     9 |       |       |       |     6 ||    15
       Broad axe         |       |       |       |       |    30 |  1042 |  1083 |  1470 |  5124 ||  8749
       Double sword      |       |       |       |       |   781 |     9 |       |       |       ||   790
       Kick              |       |       |       |       |       |       |       |       |  1948 ||  1948
       Headbutt          |       |       |       |       |       |       |       |       |   350 ||   350
Throw: Dart              |     6 |     3 |     2 |       |       |       |       |       |       ||    11
       Javelin           |       |    20 |    10 |       |     1 |       |       |       |       ||    31
Invok: Major Destruction |       |       |       |     8 |     3 |       |       |       |       ||    11
       Lesser Servant of |       |       |       |    28 |    22 |     1 |       |       |       ||    51
       Minor Destruction |       |       |       |     7 |    14 |       |       |       |       ||    21
       Greater Servant o |       |       |       |     1 |    16 |    10 |       |     4 |       ||    31
 Abil: Heal Wounds       |     1 |     1 |     3 |     5 |    22 |    21 |     1 |       |     1 ||    55
       Evoke Flight      |       |       |       |       |       |       |     3 |       |       ||     3
Evoke: Wand              |       |       |    16 |    34 |    40 |    21 |       |     1 |     2 ||   114
  Use: Scroll            |       |     3 |     9 |    16 |    20 |     8 |     2 |    21 |     7 ||    86
       Potion            |       |       |       |     1 |     1 |     1 |     1 |     6 |    17 ||    27
 Stab: Invisible         |     1 |       |       |       |       |       |       |     2 |     6 ||     9
       Distracted        |       |       |       |     5 |     4 |       |     3 |     2 |     3 ||    17
       Petrified         |       |       |       |       |     3 |       |       |       |       ||     3
       Sleeping          |       |       |       |       |     1 |       |     3 |     4 |       ||     8
       Paralysed         |       |       |       |       |       |     4 |       |       |     1 ||     5
       Confused          |       |       |       |       |       |     1 |       |       |     1 ||     2
       Petrifying        |       |       |       |       |       |       |       |       |     1 ||     1
  Eat: Chunk             |     2 |     3 |    14 |    25 |    36 |    19 |    14 |    13 |    35 ||   161
       Ration            |       |     1 |       |     1 |     3 |     2 |     3 |     3 |    10 ||    23
Armor: Scale mail        |    57 |    67 |    35 |       |       |       |       |       |       ||   159
       Plate armour      |       |       |   212 |   369 |       |       |       |       |       ||   581
       Chain mail        |       |       |    23 |       |       |       |       |       |       ||    23
       Leather armour    |       |       |       |    63 |       |       |       |       |       ||    63
       Ring mail         |       |       |       |   118 |   719 |   252 |   155 |   150 |       ||  1394
       Gold dragon scale |       |       |       |       |       |       |       |   344 |  1618 ||  1962
       Skin              |       |       |       |       |       |       |       |       |     4 ||     4
Dodge: Dodged            |    31 |    25 |   160 |   433 |   890 |   650 |   434 |   780 |  1942 ||  5345
       Deflected         |       |       |     4 |     7 |    42 |    30 |    59 |    57 |    79 ||   278
Block: Shield            |    40 |    56 |   292 |   649 |  1137 |   601 |   709 |  1153 |  3934 ||  8571
       Rpst.: Long sword |     6 |       |       |       |       |       |       |       |       ||     6
       Double sword      |       |       |       |       |    98 |     1 |       |       |       ||    99

Table legend:
 A = Non-vault XP
 B = Vault XP
 C = Vault XP percentage of total XP
 D = Non-vault monster count
 E = Vault monster count
 F = Vault count percentage of total count
                 A         B        C        D         E       F
            +---------+---------+-------+---------+---------+-------
      Total | 1460732 |  850956 |  36.8 |    2586 |     911 |  26.1
            +---------+---------+-------+---------+---------+-------
        D:1 |      23 |       0 |   0.0 |      14 |       0 |   0.0
        D:2 |      29 |       0 |   0.0 |      10 |       0 |   0.0
        D:3 |     124 |       0 |   0.0 |      27 |       0 |   0.0
        D:4 |      35 |     143 |  80.3 |       1 |       4 |  80.0
        D:5 |     749 |     408 |  35.3 |      33 |      10 |  23.3
        D:6 |     650 |       0 |   0.0 |      11 |       0 |   0.0
        D:7 |    1532 |       0 |   0.0 |      26 |       0 |   0.0
        D:8 |    1811 |       0 |   0.0 |      17 |       0 |   0.0
        D:9 |    3498 |    1822 |  34.2 |      29 |      12 |  29.3
       D:10 |    1723 |     903 |  34.4 |      31 |       7 |  18.4
       D:11 |    6377 |     910 |  12.5 |      35 |       6 |  14.6
       D:12 |    6054 |    2471 |  29.0 |      36 |       6 |  14.3
       D:13 |    2808 |    2391 |  46.0 |      16 |       9 |  36.0
       D:14 |    8338 |    1355 |  14.0 |      45 |       1 |   2.2
       D:15 |   14480 |    4082 |  22.0 |      40 |       6 |  13.0
     Lair:1 |    9258 |       0 |   0.0 |      38 |       0 |   0.0
     Lair:2 |    2014 |     253 |  11.2 |      12 |       3 |  20.0
     Lair:3 |    4806 |     649 |  11.9 |      23 |       3 |  11.5
     Lair:4 |    3460 |    1434 |  29.3 |      18 |       6 |  25.0
     Lair:5 |    7139 |    2807 |  28.2 |      33 |      35 |  51.5
     Lair:6 |    2491 |    9651 |  79.5 |      12 |      21 |  63.6
    Swamp:1 |   12006 |     866 |   6.7 |      33 |       7 |  17.5
    Swamp:2 |    7838 |    1529 |  16.3 |      15 |       1 |   6.2
    Swamp:3 |   14936 |       0 |   0.0 |      47 |       0 |   0.0
    Swamp:4 |    8960 |    7965 |  47.1 |      24 |      32 |  57.1
    Snake:1 |   12658 |       0 |   0.0 |      28 |       0 |   0.0
    Snake:2 |   18082 |    1276 |   6.6 |      38 |       2 |   5.0
    Snake:3 |   28053 |    2319 |   7.6 |      48 |      11 |  18.6
    Snake:4 |   17866 |   25602 |  58.9 |      32 |      44 |  57.9
      Orc:1 |    3364 |       0 |   0.0 |      52 |       0 |   0.0
      Orc:2 |    2379 |    5062 |  68.0 |      19 |      45 |  70.3
      Elf:1 |   11429 |   11089 |  49.2 |      19 |      13 |  40.6
      Elf:2 |    8433 |   23494 |  73.6 |      17 |      30 |  63.8
      Elf:3 |   18660 |   42400 |  69.4 |      31 |      32 |  50.8
   Vaults:1 |   17538 |   29349 |  62.6 |      43 |      59 |  57.8
   Vaults:2 |   26612 |   28912 |  52.1 |      41 |      45 |  52.3
   Vaults:3 |   29504 |   34833 |  54.1 |      56 |      36 |  39.1
   Vaults:4 |   23360 |   37048 |  61.3 |      40 |      42 |  51.2
   Vaults:5 |   38046 |  134418 |  77.9 |      47 |      90 |  65.7
   Depths:1 |   15428 |    8504 |  35.5 |      18 |      12 |  40.0
   Depths:2 |   30074 |   19487 |  39.3 |      44 |      18 |  29.0
   Depths:3 |   46606 |   23632 |  33.6 |      66 |      22 |  25.0
   Depths:4 |       0 |   77604 | 100.0 |       0 |      56 | 100.0
   Depths:5 |   19805 |   13889 |  41.2 |      16 |      22 |  57.9
       Hell |   28152 |   25259 |  47.3 |      48 |      56 |  53.8
      Zot:1 |   79006 |   50017 |  38.8 |      44 |      21 |  32.3
      Zot:2 |   63043 |       0 |   0.0 |      35 |       0 |   0.0
      Zot:3 |   98286 |   16996 |  14.7 |      55 |      10 |  15.4
      Zot:4 |   75865 |       0 |   0.0 |      47 |       0 |   0.0
      Zot:5 |   36316 |  154524 |  81.0 |      22 |      37 |  62.7
    Abyss:1 |  329944 |   12928 |   3.8 |     547 |       8 |   1.4
    Abyss:2 |   20556 |       0 |   0.0 |      63 |       0 |   0.0
    Abyss:3 |  237435 |   32675 |  12.1 |     440 |      31 |   6.6
    Abyss:4 |    3093 |       0 |   0.0 |       4 |       0 |   0.0
            +---------+---------+-------+---------+---------+-------
